 Dungeon Crawl Stone Soup version 0.30.1-9-gdf580d7c3d (webtiles) character file.

Game seed: 5720103560400307373

547 monsoonserge the Chopper (level 7, -1/54 HPs)
             Began as a Hill Orc Fighter on Sept 26, 2023.
             Was a Believer of Hepliaklqana.
             Succumbed to a killer bee's poison
             ... on level 5 of the Dungeon.
             The game lasted 00:08:02 (3027 turns).

monsoonserge the Chopper (Hill Orc Fighter)         Turns: 3027, Time: 00:08:03

Health: -1/54      AC: 18    Str: 21    XL:     7   Next: 28%
Magic:  7/7        EV:  8    Int:  8    God:    Hepliaklqana [**....]
Gold:   158        SH:  4    Dex: 10    Spells: 6/6 levels left

rFire   . . .        a - +0 war axe
rCold   . . .        c - +0 buckler
rNeg    . . .        x - +0 chain mail
rPois   .            r - +0 helmet
rElec   .            (no cloak)
rCorr   .            l - +2 pair of gloves
SInv    .            (no boots)
Will    .....        (no amulet) Stlth
                     w - +4 ring of protection
HPRegen 0.29/turn    (no ring)
MPRegen 0.10/turn

%: no passive effects
@: mighty, lethally poisoned (-1 -> -28)
A: reduced essence
a: Renounce Religion, Recall Ancestor, Ancestor Identity


You were on level 5 of the Dungeon.
You worshipped Hepliaklqana.
Hepliaklqana was pleased with you.
You visited 1 branch of the dungeon, and saw 5 of its levels.

You collected 158 gold pieces.

Inventory:

Hand Weapons
 a - a +0 war axe (weapon)
Missiles
 i - 11 poisoned darts (quivered)
Armour
 c - a +0 buckler (worn)
 l - a +2 pair of gloves (worn)
 r - a +0 helmet (worn)
 x - a +0 chain mail (worn)
Magical Staves
 f - a staff of poison
Jewellery
 w - a +4 ring of protection (left hand)
Wands
 n - a wand of light (7)
Scrolls
 h - 4 scrolls of teleportation {unknown}
 j - a scroll of enchant armour
 m - 2 scrolls of enchant weapon
 s - a scroll of torment
Potions
 b - a potion of degeneration {unknown}
 e - a potion of berserk rage {unknown}
 g - a potion of resistance {unknown}
 k - a potion of curing {unknown}
 q - a potion of attraction {unknown}
 t - a potion of flight {unknown}
 v - a potion of lignification {unknown}


   Skills:
 + Level 5.4 Fighting
 + Level 7.1 Axes
 + Level 4.8 Armour
 - Level 1.0 Dodging
 - Level 4.0 Shields
 - Level 1.0 Evocations


You had 6 spell levels left.
You didn't know any spells.
Your spell library contained the following spells:

 Spells                   Type           Power      Damage    Failure   Level
 Foxfire                  Conj/Fire      0%         2x1d4     98%         1
 Fireball                 Conj/Fire      0%         3d3       100%        5
 Plasma Beam              Fire/Air       0%         2x1d11    100%        6
 Starburst                Conj/Fire      0%         6d3       100%        6


Dungeon Overview and Level Annotations

Branches:
Dungeon (5/15)
 Temple: D:4-7

Altars:
Ashenzari
Dithmenos
Hepliaklqana


Message History

Your Axes skill increases to level 7!
You miss the killer bee. x2; You closely miss the adder.
You feel sick. The killer bee stings you.
You are more poisoned.
The killer bee poisons you! You block the killer bee's attack.
The killer bee stings you but does no damage. x2
The adder barely misses you.
Yayatum hits the killer bee with a +0 quarterstaff!
The killer bee stings you but does no damage. x2
You barely miss the killer bee.
The killer bee is almost dead.
You miss the killer bee. You closely miss the adder.
You feel very sick. The killer bee closely misses you.
The killer bee barely misses you. The adder bites you but does no damage.
The killer bee closely misses you. x2
Yayatum barely misses the killer bee.
The scorpion closely misses you. The adder bites you but does no damage.
Okay, then.
You feel very mighty all of a sudden.
You feel sick. The killer bee stings you.
* * * LOW HITPOINT WARNING * * *
The killer bee stings you but does no damage.
The killer bee stings you.
* * * LOW HITPOINT WARNING * * *
You are lethally poisoned!
The killer bee poisons you! You block the adder's attack.
The killer bee stings you.
* * * LOW HITPOINT WARNING * * *
You are more poisoned.
The killer bee poisons you!
The scorpion stings you but does no damage.
Yayatum points at the killer bee and mumbles some strange words.
The puff of frost hits the killer bee!
The killer bee dies!
You are mighty.
You are lethally poisoned (7 -> -21).
Your movement speed is average.
Your attack delay is about 1.1.
Your damage rating with your +0 war axe is about 17 (Base 11 x 127% (Str) x 124% (Skill)).
You miss the killer bee. You barely miss the scorpion.
You closely miss the adder.
You die...

.### ....#
..#.. ......
###...# #<....#
#
######R##.....
.#....s†##.....
.....hy@.......
##.5..S.[......
........###..##
##......# .#
#....<.# ..
..##..... # #.
...... #.#.###


You could see the friendly Yayatum the battlemage, a scorpion, a hound, a killer
bee, an adder and a white imp.

Vanquished Creatures
  A water moccasin (D:3)
  A scorpion (D:3)
  Robin (D:2)
  4 adders
  3 gnolls (D:3)
  A worm (D:3)
  2 dart slugs (D:1)
  4 orcs
  2 ball pythons (D:1)
  3 endoplasms
  3 giant cockroaches
  10 goblins
  11 hobgoblins
  A jackal (D:4)
  2 quokkas
  3 bats
  2 frilled lizards
  3 kobolds
  6 rats
63 creatures vanquished.

Vanquished Creatures (collateral kills)
  A scorpion (D:4)
  2 killer bees (D:5)
  An orc wizard (D:4)
  A gnoll (D:3)
  3 adders
  2 dart slugs
  6 orcs
  A goblin (D:4)
  2 hobgoblins
  3 jackals (D:4)
  3 kobolds
25 creatures vanquished.

Vanquished Creatures (others)
  An ancestor (D:3)
1 creature vanquished.

Grand Total: 89 creatures vanquished

Notes
Turn   | Place    | Note
-------+----------+-------------------------------------------
     0 | D:1      | monsoonserge the Hill Orc Fighter began the quest for the
                  | Orb.
     0 | D:1      | Reached XP level 1. HP: 19/19 MP: 1/1
   127 | D:1      | Reached XP level 2. HP: 21/27 MP: 2/2
   261 | D:1      | Reached XP level 3. HP: 33/33 MP: 3/3
   342 | D:1      | Reached skill level 3 in Axes
   605 | D:2      | Found a shadowy altar of Dithmenos.
   605 | D:2      | Noticed Robin
   640 | D:2      | Killed Robin
   641 | D:2      | Reached XP level 4. HP: 29/40 MP: 4/4
   749 | D:2      | Found a faded altar of an unknown god.
   788 | D:2      | Prayed at the altar of an unknown god.
   788 | D:2      | Became a worshipper of Hepliaklqana the Forgotten
   788 | D:2      | Reached * piety under Hepliaklqana
  1408 | D:3      | Noticed a water moccasin
  1432 | D:3      | Killed a water moccasin
  1433 | D:3      | Reached skill level 4 in Axes
  1433 | D:3      | Reached skill level 1 in Dodging
  1433 | D:3      | Reached skill level 1 in Evocations
  1433 | D:3      | Reached XP level 5. HP: 14/42 MP: 5/5
  1593 | D:3      | Reached skill level 5 in Axes
  1677 | D:3      | Reached XP level 6. HP: 47/47 MP: 6/6
  1796 | D:3      | Reached ** piety under Hepliaklqana
  1796 | D:3      | Found a broken altar of Ashenzari.
  1797 | D:3      | Remembered your ancestor Yayatum as a battlemage
  1917 | D:3      | Reached skill level 6 in Axes
  2260 | D:4      | Reached skill level 5 in Fighting
  2489 | D:4      | Reached XP level 7. HP: 54/54 MP: 7/7
  3018 | D:5      | Entered Level 5 of the Dungeon
  3024 | D:5      | Reached skill level 7 in Axes
  3027 | D:5      | Succumbed to a killer bee's poison

Illustrated notes

Levels and vault maps discovered:
D:1:      amcnicky_arrival_abandoned_market, layout_rooms,
          minmay_close_crescents
D:2:      layout_loops_corners, shapermc_ecumenical_altar_pompeii, basic_altar,
          corexii_item_surrounded_by_moat, uniq_robin
D:3:      layout_basic, overflow_temple_1_default, grunt_ministairs_14,
          chequers_arboretum, kennysheep_generic_room_7
D:4:      layout_basic, serial_bayou, serial_bayou_lake_a,
          serial_bayou_lagoon_b, serial_bayou_lagoon_a, serial_bayou_crossing
D:5:      layout_rooms, vehumet_altar_wand_db, tgw_trog

Skill      XL: |  1  2  3  4  5  6  7 |
---------------+----------------------+-----
Fighting       | 4 5 |  5.4
Axes           | 3 4 5 6 7 |  7.1
Armour         | 4 |  4.8
Dodging        | 1 |  1.0
Evocations     | 1 |  1.0
Shields        | 4 |  4.0

Action                     |  1- 3 |  4- 6 |  7- 9 || total
---------------------------+-------+-------+-------++-------
  Melee: War axe           |    80 |    94 |    17 ||   191
 Invoke: Ancestor Life: Ba |       |     1 |       ||     1
    Use: Scroll            |       |       |     5 ||     5
         Potion            |       |       |     1 ||     1
 Armour: Scale mail        |    43 |    40 |       ||    83
         Chain mail        |       |     1 |    24 ||    25
  Dodge: Dodged            |    42 |    44 |    17 ||   103
  Block: Buckler           |    19 |    30 |     6 ||    55
